| TOP OF THE 1ST |
|
University of South Carolina Gamecocks batting - Pitching for Rice University Owls : RHP Pat Sprague
|
|
Pitching: RHP Pat Sprague
|
|
|
Batting: SHB Salvador Lacosta
|
0-0: Fly out, F9 (Flyball, 9, EV 82.5 MPH)
|
|
Batting: LHB Jeremy Nuzzo
|
0-0: Called Strike 0-1: Ball 1-1: Foul Ball, location: 2F 1-2: Hit by Pitch
|
|
Batting: RHB Pablo Nunez
|
0-0: Called Strike 0-1: Ball 1-1: Grounds into double play, 6-4-3 (Groundball, 6, EV 80.6 MPH)
|
| Top of the 1st over - 0 runs, 0 hits, 0 errors, 0 left on base; University of South Carolina 0 - Rice University 0 |
| BOTTOM OF THE 1ST |
|
Rice University Owls batting - Pitching for University of South Carolina Gamecocks : RHP Sergio Silva
|
|
Pitching: RHP Sergio Silva
|
|
|
Batting: RHB Logan Johnson
|
0-0: Ball 1-0: Fly out, F7 (Flyball, 78D, EV 88.1 MPH)
|
|
Batting: RHB Yasutaka Yamasaki
|
0-0: Ball 1-0: Foul Ball, location: 2F 1-1: Ball 2-1: Swinging Strike 2-2: Ball 3-2: Strikes out swinging
|
|
Batting: RHB Tony Escamilla
|
0-0: Ball 1-0: Called Strike 1-1: Called Strike 1-2: Strikes out swinging
|
| Bottom of the 1st over - 0 runs, 0 hits, 0 errors, 0 left on base; University of South Carolina 0 - Rice University 0 |
| TOP OF THE 2ND |
|
University of South Carolina Gamecocks batting - Pitching for Rice University Owls : RHP Pat Sprague
|
|
Batting: RHB Ruben Domingues
|
0-0: Called Strike 0-1: Called Strike 0-2: Fly out, F4 (Popup, 4S, EV 75.0 MPH)
|
|
Batting: SHB John Husson
|
0-0: Fly out, F9 (Line Drive, 9, EV 90.6 MPH)
|
|
Batting: RHB Eddie Dimas
|
0-0: Fly out, F8 (Flyball, 8LM, EV 91.2 MPH)
|
| Top of the 2nd over - 0 runs, 0 hits, 0 errors, 0 left on base; University of South Carolina 0 - Rice University 0 |
| BOTTOM OF THE 2ND |
|
Rice University Owls batting - Pitching for University of South Carolina Gamecocks : RHP Sergio Silva
|
|
Batting: LHB Kazuyoshi Ikeda
|
0-0: Foul Ball, location: 2F 0-1: Swinging Strike 0-2: Ball 1-2: Strikes out looking
|
|
Batting: RHB Jordan Dugue
|
0-0: Ball 1-0: SINGLE (Groundball, 56D, EV 101.2 MPH)
|
|
Batting: RHB John Moore
|
0-0: Ball 1-0: Reached on error, E3 (Groundball, 23, EV 85.6 MPH) Jordan Dugue to second
|
|
Batting: SHB Yuya Hirata
|
0-0: Called Strike 0-1: Ball 1-1: Called Strike 1-2: Foul Ball, location: 2F 1-2: Ball 2-2: Foul Ball, location: 2F 2-2: Foul Ball, location: 2F 2-2: Strikes out swinging
|
|
Batting: SHB Shawnie Codbucket
|
0-0: Ball 1-0: Fielders Choice at 2nd, 6-4 (Groundball, 56, EV 88.1 MPH)
|
| Bottom of the 2nd over - 0 runs, 1 hit, 1 error, 2 left on base; University of South Carolina 0 - Rice University 0 |
| TOP OF THE 3RD |
|
University of South Carolina Gamecocks batting - Pitching for Rice University Owls : RHP Pat Sprague
|
|
Batting: RHB Clark Meagher
|
0-0: Called Strike 0-1: Foul Ball, location: 2F 0-2: Ball 1-2: Strikes out swinging
|
|
Batting: RHB Jeff McClellan
|
0-0: Ball 1-0: Ball 2-0: Foul Ball, location: 2F 2-1: Ball 3-1: Base on Balls
|
|
Batting: RHB Victor Dominguez
|
0-0: Ball Jeff McClellan is caught stealing 2nd base 2-4 1-0: Foul Ball, location: 2F 1-1: Foul Ball, location: 2F 1-2: Strikes out swinging
|
| Top of the 3rd over - 0 runs, 0 hits, 0 errors, 0 left on base; University of South Carolina 0 - Rice University 0 |
| BOTTOM OF THE 3RD |
|
Rice University Owls batting - Pitching for University of South Carolina Gamecocks : RHP Sergio Silva
|
|
Batting: RHB Nhat Phong
|
0-0: Ball 1-0: Swinging Strike 1-1: SINGLE (Line Drive, 34D, EV 99.4 MPH)
|
|
Batting: RHB Logan Johnson
|
0-0: Foul Ball, location: 2F 0-1: Ball 1-1: Swinging Strike 1-2: Fielders Choice at 2nd, 6-4 (Groundball, 6, EV 78.8 MPH)
|
|
Batting: RHB Yasutaka Yamasaki
|
0-0: Foul Ball, location: 2F 0-1: Called Strike 0-2: Ball 1-2: Ball 2-2: Strikes out swinging
|
|
Batting: RHB Tony Escamilla
|
0-0: Called Strike 0-1: Fly out, F8 (Flyball, 8RS, EV 93.8 MPH)
|
| Bottom of the 3rd over - 0 runs, 1 hit, 0 errors, 1 left on base; University of South Carolina 0 - Rice University 0 |
| TOP OF THE 4TH |
|
University of South Carolina Gamecocks batting - Pitching for Rice University Owls : RHP Pat Sprague
|
|
Batting: SHB Salvador Lacosta
|
0-0: Foul Ball, location: 2F 0-1: Ball 1-1: Ground out 6-3 (Groundball, 6, EV 85.6 MPH)
|
|
Batting: LHB Jeremy Nuzzo
|
0-0: Swinging Strike 0-1: Ball 1-1: Foul Ball, location: 2F 1-2: Ground out U3 (Groundball, 3, EV 83.8 MPH)
|
|
Batting: RHB Pablo Nunez
|
0-0: SINGLE (Flyball, 78S, EV 84.4 MPH)
|
|
Batting: RHB Ruben Domingues
|
0-0: Foul Ball, location: 2F 0-1: Ball 1-1: Swinging Strike 1-2: Ball 2-2: Strikes out swinging
|
| Top of the 4th over - 0 runs, 1 hit, 0 errors, 1 left on base; University of South Carolina 0 - Rice University 0 |
| BOTTOM OF THE 4TH |
|
Rice University Owls batting - Pitching for University of South Carolina Gamecocks : RHP Sergio Silva
|
|
Batting: LHB Kazuyoshi Ikeda
|
0-0: Ground out 6-3 (Groundball, 6, EV 109.4 MPH)
|
|
Batting: RHB Jordan Dugue
|
0-0: Called Strike 0-1: Ball 1-1: Foul Ball, location: 2F 1-2: Strikes out swinging
|
|
Batting: RHB John Moore
|
0-0: Ball 1-0: DOUBLE (Flyball, 78D, EV 94.4 MPH)
|
|
Batting: SHB Yuya Hirata
|
0-0: Ground out 4-3 (Groundball, 4, EV 86.2 MPH)
|
| Bottom of the 4th over - 0 runs, 1 hit, 0 errors, 1 left on base; University of South Carolina 0 - Rice University 0 |
| TOP OF THE 5TH |
|
University of South Carolina Gamecocks batting - Pitching for Rice University Owls : RHP Pat Sprague
|
|
Batting: SHB John Husson
|
0-0: Ball 1-0: Called Strike 1-1: Foul Ball, location: 2F 1-2: Reached on error, E4 (Groundball, 4M, EV 83.1 MPH)
|
|
Batting: RHB Eddie Dimas
|
0-0: Ball 1-0: Grounds into double play, 4-6-3 (Groundball, 4, EV 84.4 MPH)
|
|
Batting: RHB Clark Meagher
|
0-0: Ball 1-0: SINGLE (Groundball, 56S, EV 71.9 MPH) (infield hit)
|
|
Batting: RHB Jeff McClellan
|
0-0: Ground out 1-3 (Groundball, 13S, EV 62.5 MPH)
|
| Top of the 5th over - 0 runs, 1 hit, 1 error, 1 left on base; University of South Carolina 0 - Rice University 0 |
| BOTTOM OF THE 5TH |
|
Rice University Owls batting - Pitching for University of South Carolina Gamecocks : RHP Sergio Silva
|
|
Batting: SHB Shawnie Codbucket
|
0-0: Ball 1-0: Fly out, F9 (Flyball, 89XD, EV 106.9 MPH)
|
|
Batting: RHB Nhat Phong
|
0-0: Swinging Strike 0-1: Swinging Strike 0-2: Foul Ball, location: 2F 0-2: Ground out 2-3 (Groundball, 15S, EV 68.8 MPH)
|
|
Batting: RHB Logan Johnson
|
0-0: Ball 1-0: Ball 2-0: SINGLE (Line Drive, 56D, EV 103.1 MPH)
|
|
Batting: RHB Yasutaka Yamasaki
|
0-0: Called Strike 0-1: Ball 1-1: Ball 2-1: Called Strike 2-2: Ball 3-2: Ground out 4-3 (Groundball, 4, EV 80.6 MPH)
|
| Bottom of the 5th over - 0 runs, 1 hit, 0 errors, 1 left on base; University of South Carolina 0 - Rice University 0 |
| TOP OF THE 6TH |
|
University of South Carolina Gamecocks batting - Pitching for Rice University Owls : RHP Pat Sprague
|
|
Batting: RHB Victor Dominguez
|
0-0: Ball 1-0: Foul Ball, location: 2F 1-1: Ball 2-1: Called Strike 2-2: Ball 3-2: Base on Balls
|
|
Batting: SHB Salvador Lacosta
|
0-0: Ball 1-0: Ball 2-0: Fly out, F9 (Flyball, 89M, EV 75.6 MPH)
|
|
Batting: LHB Jeremy Nuzzo
|
0-0: Called Strike 0-1: Fielders Choice at 2nd, 4-6 (Groundball, 4, EV 105.6 MPH)
|
|
Batting: RHB Pablo Nunez
|
0-0: Called Strike 0-1: Ball 1-1: Called Strike 1-2: Ball 2-2: Fielders Choice at 2nd, 5-4 (Groundball, 5L, EV 82.5 MPH)
|
| Top of the 6th over - 0 runs, 0 hits, 0 errors, 1 left on base; University of South Carolina 0 - Rice University 0 |
| BOTTOM OF THE 6TH |
|
Rice University Owls batting - Pitching for University of South Carolina Gamecocks : RHP Sergio Silva
|
|
Batting: RHB Tony Escamilla
|
0-0: Called Strike 0-1: Fly out, F7 (Line Drive, 78M, EV 110.0 MPH)
|
|
Batting: LHB Kazuyoshi Ikeda
|
0-0: Ball 1-0: Foul Ball, location: 2F 1-1: Called Strike 1-2: Strikes out looking
|
|
Batting: RHB Jordan Dugue
|
0-0: Ball 1-0: Foul Ball, location: 2F 1-1: SINGLE (Line Drive, 9S, EV 98.8 MPH)
|
|
Pitching: LHP Kichizo Nakazawa
|
|
|
Batting: RHB John Moore
|
0-0: Called Strike 0-1: Ball 1-1: Ball 2-1: Called Strike 2-2: Ground out 6-3 (Groundball, 6S, EV 71.2 MPH)
|
| Bottom of the 6th over - 0 runs, 1 hit, 0 errors, 1 left on base; University of South Carolina 0 - Rice University 0 |
| TOP OF THE 7TH |
|
University of South Carolina Gamecocks batting - Pitching for Rice University Owls : RHP Pat Sprague
|
|
Batting: RHB Ruben Domingues
|
0-0: Fly out, F8 (Flyball, 8LD, EV 82.5 MPH)
|
|
Batting: SHB John Husson
|
0-0: Ball 1-0: Ball 2-0: Fly out, F8 (Flyball, 78D, EV 90.0 MPH)
|
|
Batting: RHB Eddie Dimas
|
0-0: Called Strike 0-1: Foul Ball, location: 2F 0-2: Ground out 4-3 (Groundball, 34, EV 104.4 MPH)
|
| Top of the 7th over - 0 runs, 0 hits, 0 errors, 0 left on base; University of South Carolina 0 - Rice University 0 |
| BOTTOM OF THE 7TH |
|
Rice University Owls batting - Pitching for University of South Carolina Gamecocks : LHP Kichizo Nakazawa
|
|
Batting: SHB Yuya Hirata
|
0-0: Called Strike 0-1: Fly out, F9 (Flyball, 89S, EV 80.0 MPH)
|
|
Batting: SHB Shawnie Codbucket
|
0-0: Ground out U3 (Groundball, 3S, EV 87.5 MPH)
|
|
Batting: RHB Nhat Phong
|
0-0: Called Strike 0-1: DOUBLE (Line Drive, 9LD, EV 105.6 MPH)
|
|
Batting: RHB Logan Johnson
|
0-0: Ball 1-0: Ball 2-0: Swinging Strike 2-1: Called Strike 2-2: Fly out, F7 (Line Drive, 7D, EV 92.5 MPH)
|
| Bottom of the 7th over - 0 runs, 1 hit, 0 errors, 1 left on base; University of South Carolina 0 - Rice University 0 |
| TOP OF THE 8TH |
|
University of South Carolina Gamecocks batting - Pitching for Rice University Owls : RHP Pat Sprague
|
|
Batting: RHB Clark Meagher
|
0-0: Ball 1-0: Ball 2-0: Called Strike 2-1: Ball 3-1: Base on Balls
|
|
Batting: RHB Jeff McClellan
|
0-0: Ball 1-0: Ball 2-0: Called Strike 2-1: Foul Ball, location: 2F 2-2: Ball 3-2: Foul Ball, location: 2F 3-2: Foul Ball, location: 2F 3-2: Foul Ball, location: 2F 3-2: SINGLE (Line Drive, 8RS, EV 110.0 MPH) Clark Meagher to second
|
|
Pitching: RHP Terry Newitt
|
|
|
Batting: RHB Victor Dominguez
|
0-0: Reached on error, E7 (Line Drive, 7, EV 91.9 MPH) Clark Meagher to third Jeff McClellan to second
|
|
Pinch Hitting: RHB Juan Acero
|
0-0: Called Strike 0-1: Ball 1-1: Swinging Strike 1-2: Foul Ball, location: 2F 1-2: Foul Ball, location: 2F 1-2: Foul Ball, location: 2F 1-2: Ball 2-2: Ball 3-2: Fly out, F8 (Flyball, 78M, EV 86.9 MPH) Runner from 3rd tags up, OUT at HOME! 8-2 Jeff McClellan to third Victor Dominguez to second
|
|
Batting: LHB Jeremy Nuzzo
|
0-0: Called Strike 0-1: Called Strike 0-2: Foul Ball, location: 2F 0-2: Ball 1-2: Ball 2-2: Fly out, F7 (Flyball, 78D, EV 81.2 MPH)
|
| Top of the 8th over - 0 runs, 1 hit, 1 error, 2 left on base; University of South Carolina 0 - Rice University 0 |
| BOTTOM OF THE 8TH |
|
Rice University Owls batting - Pitching for University of South Carolina Gamecocks : LHP Kichizo Nakazawa
|
|
Now at SS: Jose Simental
|
|
|
Batting: RHB Yasutaka Yamasaki
|
0-0: Ball 1-0: Ball 2-0: SINGLE (Groundball, 5S, EV 65.0 MPH) (infield hit)
|
|
Batting: RHB Tony Escamilla
|
0-0: Called Strike 0-1: Grounds into double play, 5-4-3 (Groundball, 5S, EV 85.6 MPH)
|
|
Batting: LHB Kazuyoshi Ikeda
|
0-0: Swinging Strike 0-1: Called Strike 0-2: Ball 1-2: Strikes out swinging
|
| Bottom of the 8th over - 0 runs, 1 hit, 0 errors, 0 left on base; University of South Carolina 0 - Rice University 0 |
| TOP OF THE 9TH |
|
University of South Carolina Gamecocks batting - Pitching for Rice University Owls : RHP Terry Newitt
|
|
Pitching: LHP Justin Thornton
|
|
|
Pinch Hitting: SHB Bobby Love
|
0-0: Called Strike 0-1: Swinging Strike 0-2: DOUBLE (Groundball, 3L, EV 110.6 MPH)
|
|
Batting: RHB Ruben Domingues
|
0-0: Intentional Walk
|
|
Batting: SHB John Husson
|
0-0: Called Strike 0-1: Swinging Strike 0-2: Fielders Choice at 2nd, 1-6 (Groundball, 34S, EV 77.5 MPH) Bobby Love to third
|
|
Batting: RHB Eddie Dimas
|
0-0: Ball 1-0: Fly out, F8 (Flyball, 8LD, EV 105.0 MPH) Runner from 3rd tags up, SCORES, no throw by CF
|
|
Batting: RHB Clark Meagher
|
0-0: Called Strike 0-1: DOUBLE (Line Drive, 7LM, EV 110.0 MPH) John Husson to third
|
|
Batting: RHB Jeff McClellan
|
0-0: Ball 1-0: Foul Ball, location: 2F 1-1: Ball 2-1: Ground out 4-3 (Groundball, 4, EV 110.0 MPH)
|
| Top of the 9th over - 1 run, 2 hits, 0 errors, 2 left on base; University of South Carolina 1 - Rice University 0 |
| BOTTOM OF THE 9TH |
|
Rice University Owls batting - Pitching for University of South Carolina Gamecocks : LHP Kichizo Nakazawa
|
|
Pitching: RHP Kareem Linz
|
|
|
Now in LF: Jeremy Nuzzo
|
|
|
Now in RF: Dustin Bursell
|
|
|
Batting: RHB Jordan Dugue
|
0-0: Foul Ball, location: 2F 0-1: Ball 1-1: Ball 2-1: Fly out, F8 (Flyball, 89D, EV 93.8 MPH)
|
|
Batting: RHB John Moore
|
0-0: Swinging Strike 0-1: Ball 1-1: Foul Ball, location: 2F 1-2: Strikes out swinging
|
|
Batting: SHB Yuya Hirata
|
0-0: Called Strike 0-1: Ball 1-1: Swinging Strike 1-2: Ball 2-2: Foul Ball, location: 2F 2-2: Foul Ball, location: 2F 2-2: Foul Ball, location: 2F 2-2: Strikes out swinging
|
| Bottom of the 9th over - 0 runs, 0 hits, 0 errors, 0 left on base; University of South Carolina 1 - Rice University 0 |
|